 Dungeon Crawl Stone Soup version 0.26.1-11-gd32895ea62 (webtiles) character file.

Game seed: 14534491372613669743

3478 jlumianski the Summoner (level 9, -7/36 HPs)
             Began as a Felid Summoner on June 2, 2021.
             Was an Initiate of Hepliaklqana.
             Mangled by a warg (11 damage)
             ... led by an orc high priest
             ... on level 9 of the Dungeon.
             The game lasted 01:36:17 (17461 turns).

jlumianski the Summoner (Felid Summoner)           Turns: 17461, Time: 01:36:17

Health: -7/36      AC:  2    Str:  4    XL:     9   Next: 79%
Magic:  24/31      EV: 22    Int: 20    God:    Hepliaklqana [......]
Gold:   421        SH:  0    Dex: 16    Spells: 15/25 levels left
                                        Lives:  0   Deaths: 2

rFire    + . .     SeeInvis +     - Unarmed
rCold    . . .     Faith    .   (shield unavailable)
rNeg     . . .     Spirit   .   (armour unavailable)
rPois    .         Reflect  .   (helmet unavailable)
rElec    .         Harm     .   (cloak unavailable)
rCorr    .         Rampage  .   (gloves unavailable)
Will     +....                  (boots unavailable)
Stlth    +++.......             (no amulet)
HPRegen  0.12/turn              l - ring of protection from fire
MPRegen  0.22/turn              p - ring of magical power

@: quick
A: very small, no armour, no weapons or thrown items, stealth, reduced essence,
claws 1, fangs 3, see invisible, speed 1, shaggy fur 2, sharp paws
a: Renounce Religion, Recall Ancestor, Ancestor Identity


You were on level 9 of the Dungeon.
You worshipped Hepliaklqana.
Hepliaklqana was noncommittal.
You visited 3 branches of the dungeon, and saw 13 of its levels.

You collected 631 gold pieces.
You spent 210 gold pieces at shops.

Inventory:

Jewellery
 l - a ring of protection from fire (left paw)
 p - a ring of magical power (right paw)
 D - an uncursed ring of positive energy
Wands
 f - a wand of polymorph (13)
 t - a wand of enslavement (7)
Scrolls
 a - 4 scrolls of enchant armour
 e - 7 scrolls of identify
 n - 3 scrolls of remove curse
 o - a scroll of blinking
 y - a scroll of random uselessness {unknown}
 z - 2 scrolls of teleportation
 C - a scroll of vulnerability
Potions
 d - a potion of heal wounds
 g - 4 potions of curing
 h - 3 potions of attraction
 i - a potion of flight {unknown}
 m - 2 potions of magic
 q - a potion of resistance
 r - a potion of mutation {unknown}
 s - 2 potions of brilliance {unknown}
 u - a potion of degeneration {unknown}
 v - a potion of cancellation {unknown}
 x - a potion of haste {unknown}
 A - a potion of lignification
 B - 2 potions of invisibility {unknown}


   Skills:
 * Level 4.8 Fighting
 * Level 6.6 Dodging
 + Level 5.0 Stealth
 * Level 4.5 Unarmed Combat
 + Level 8.9 Spellcasting
 + Level 2.7 Hexes
 + Level 9.2 Summonings


You had 15 spell levels left.
You knew the following spells:

 Your Spells              Type           Power        Failure   Level
a - Summon Small Mammal   Summ           100%         1%          1
b - Call Imp              Summ           46%          1%          2
c - Call Canine Familiar  Summ           46%          1%          3
d - Summon Guardian Gole  Hex/Summ       33%          1%          3
e - Corona                Hex            22%          2%          1

Your spell library contained the following spells:

 Spells                   Type           Power        Failure   Level
 Animate Skeleton         Necr           16%          8%          1
 Apportation              Tloc           16%          8%          1
 Summon Ice Beast         Ice/Summ       27%          12%         4
 Summon Lightning Spire   Summ/Air       27%          12%         4


Dungeon Overview and Level Annotations

Branches:
Dungeon (11/15)            Temple (1/1) D:6            Lair (0/6) D:10
    Orc (1/2) D:9

Altars:
Ashenzari
Cheibriados
Dithmenos
Elyvilon
Fedhas
Gozag
Hepliaklqana
Kikubaaqudgha
Makhleb
Nemelex Xobeh
Okawaru
Qazlal
Ru
Sif Muna
Trog
Uskayaw
Vehumet
Wu Jian
Xom
Yredelemnul
Zin
The Shining One

Shops:
D:6 !}[:(

Annotations:
D:10 2 transporters, Dogology's ghost, journeyman FoFi


Innate Abilities, Weirdness & Mutations

You cannot wear armour.
You are incapable of wielding weapons or throwing items.
Your paws allow you to move quietly. (Stealth)
You have sharp claws.
You have razor-sharp teeth.
You have supernaturally acute eyesight. (SInv)
You cover ground quickly.
You are covered in thick fur. (AC +2)
Your sharp claws are effective at attacking unaware monsters.
Your life essence is reduced to manifest your ancestor. (-10% HP)


Message History

Your wolf bites the orc warrior!
The orc warrior hits you with a +0 short sword!!
Ouch! That really hurt!
* * * LOW HITPOINT WARNING * * *
The warg bites your shadow imp!
Your wolf bites the orc warrior.
Your wolf bites the orc warrior.
The warg bites your shadow imp!
Your shadow imp dies!
Your wolf closely misses the orc warrior.
Your wolf misses the orc warrior.
Your wolf bites the orc warrior but does no damage.
Casting: Call Imp (safe; 1% risk of failure)
Confirm with . or Enter, or press ? or * to list all spells.
A beastly little devil appears in a puff of flame.
The orc warrior hits something with a +0 short sword!
The orc warrior misses your wolf.
Your wolf bites the orc warrior but does no damage.
You swap places.
The warg bites your crimson imp!
Your crimson imp dies!
The warg bites you!
You die...

######### ########
#.......# #......#
#.......# ######......'
#.......###....'.....5#
#.......##..####)....5#
#.......##5## #..)...#
#......>##.# #......#
#..........# #......#
#...hh@.#### #####'##
##.###### #####.# #....#
#.....# ####h## #.#####
####.o##### ###'######
###.........# #.........
#.....h8....# #.........
#......)[...###.........
#.............'.....h@..


You could see a warg and a friendly wolf (summoned, sheltered).

Vanquished Creatures
  A gargoyle (D:10)
  An orc warrior (D:9)
  2 scorpions
  A killer bee (D:10)
  A howler monkey (D:4)
  2 jellies
  An orc priest (D:6)
  A howler monkey zombie (D:8)
  A gnoll (D:9)
  2 adders
  2 ufetubi
  A leopard gecko (D:8)
  5 orcs
  2 giant cockroaches
  2 goblins
  2 hobgoblins
  3 jackals
  A bat (D:3)
  3 frilled lizards
  2 kobolds
  2 rats
38 creatures vanquished.

Vanquished Creatures (collateral kills)
  Gastronok (D:9)
  2 two-headed ogres (D:10)
  Joseph (D:9)
  A komodo dragon (D:10)
  A troll (D:9)
  A wyvern (D:7)
  A vampire (D:9)
  3 yaks (D:10)
  2 water moccasins
  An orc warrior (D:8)
  A sky beast (D:9)
  4 black bears
  A necrophage (D:6)
  2 wolves (D:9)
  3 ogres
  2 centaurs
  A big kobold (D:7)
  8 bullfrogs
  6 scorpions
  2 killer bees (D:10)
  4 howler monkeys
  2 centaur zombies
  A bullfrog zombie (D:10)
  7 hounds
  3 orc priests
  2 centaur skeletons
  4 iguanas
  7 worker ants
  5 orc wizards
  A hound zombie (D:6)
  2 hound skeletons
  A worker ant zombie (D:6)
  10 gnolls
  9 adders
  3 shadow imps
  3 white imps
  An ooze (D:6)
  An adder skeleton (D:5)
  4 worms
  3 dart slugs (D:1)
  4 leopard geckos
  25 orcs
  2 ball pythons
  6 bats
  2 giant cockroaches (D:3)
  4 goblins
  2 hobgoblins
  6 jackals
  13 kobolds
  A quokka (D:2)
  6 frilled lizards
  A giant cockroach zombie (D:5)
  4 rats
193 creatures vanquished.

Vanquished Creatures (others)
  A two-headed ogre (D:8)
  2 yaks (D:10)
  Grum (D:9)
  2 orc warriors
  A black bear (D:10)
  2 ice beasts
  An ogre (D:7)
  2 wolves (D:9)
  A bullfrog (D:10)
  2 gnoll sergeants
  A scorpion (D:10)
  2 orc wizards
  A gnoll (D:9)
  48 fungi (D:10)
  44 plants (D:10)
111 creatures vanquished.

Grand Total: 342 creatures vanquished

Notes
Turn   | Place    | Note
-------+----------+-------------------------------------------
     0 | D:1      | jlumianski the Felid Summoner began the quest for the Orb.
     0 | D:1      | Reached XP level 1. HP: 7/7 MP: 4/4
   488 | D:1      | Reached XP level 2. HP: 11/11 MP: 6/6
   491 | D:1      | Learned a level 2 spell: Call Imp
  1994 | D:2      | Found a faded altar of an unknown god.
  2165 | D:2      | Reached XP level 3. HP: 14/14 MP: 1/7
  2346 | D:2      | Learned a level 3 spell: Call Canine Familiar
  3250 | D:2      | Noticed a bullfrog
  3274 | D:2      | Killed a bullfrog
  3275 | D:2      | Reached XP level 4. HP: 18/18 MP: 2/9
  3569 | D:3      | Found an opulent altar of Gozag.
  3569 | D:3      | Found a shimmering blue altar of Sif Muna.
  3570 | D:3      | Found a glowing silver altar of Zin.
  3877 | D:3      | Reached skill level 5 in Summonings
  4782 | D:3      | Reached XP level 5. HP: 21/21 MP: 1/11
  5771 | D:4      | Found a shadowy altar of Dithmenos.
  6009 | D:4      | You fall into a shaft and drop 2 floors!
  6040 | D:6      | Found Xak Xaz's Armour Boutique.
  6057 | D:6      | Found Amacach's Gadget Shop.
  6272 | D:5      | Entered Level 5 of the Dungeon
  6889 | D:4      | Noticed an ogre
  6891 | D:4      | Killed from afar by an orc priest
  6892 | D:4      | Reached XP level 4. HP: -5/18 MP: 10/20
  6949 | D:4      | Reached XP level 5. HP: 21/21 MP: 12/12
  6985 | D:4      | Found a broken altar of Ashenzari.
  7366 | D:4      | Killed an ogre
  7937 | D:5      | Gained mutation: You are covered in thick fur. (AC +2)
                  | [Felid growth]
  7937 | D:5      | Reached XP level 6. HP: 25/25 MP: 14/14
  8603 | D:5      | Reached skill level 5 in Spellcasting
  9064 | D:6      | Reached skill level 1 in Unarmed Combat
  9251 | D:6      | Reached skill level 6 in Summonings
  9251 | D:6      | Reached XP level 7. HP: 10/28 MP: 15/15
  9583 | D:6      | Found Ofotrishiw's Distillery.
  9601 | D:6      | Bought 2 potions of curing for 90 gold pieces
  9601 | D:6      | Bought a potion of heal wounds for 75 gold pieces
  9601 | D:6      | Bought a potion of curing for 45 gold pieces
  9723 | D:6      | Found a hide-covered altar of Uskayaw.
  9773 | D:6      | Found Jicyg's Book Shoppe.
  9896 | D:6      | Found a staircase to the Ecumenical Temple.
  9955 | D:6      | Found Nailadiph's Weapon Boutique.
  9969 | D:6      | Found a bloodstained altar of Trog.
 10297 | D:6      | Found a burning altar of Makhleb.
 10592 | D:7      | Noticed a wyvern
 10662 | D:7      | Learned a level 3 spell: Summon Guardian Golem
 11219 | D:7      | Killed a wyvern
 11291 | D:7      | Reached skill level 1 in Hexes
 11367 | D:7      | Reached skill level 7 in Summonings
 11367 | D:7      | Reached XP level 8. HP: 31/31 MP: 13/18
 11742 | D:7      | Reached skill level 1 in Fighting
 12029 | D:8      | Found a glowing silver altar of Zin.
 12363 | D:8      | Learned a level 1 spell: Corona
 12838 | D:8      | Noticed a two-headed ogre
 12906 | D:8      | Killed a two-headed ogre
 13277 | D:9      | Found a staircase to the Orcish Mines.
 13277 | D:9      | Noticed Joseph
 13764 | D:9      | Noticed a troll
 13778 | D:9      | Killed a troll
 13839 | D:9      | Reached XP level 9. HP: 37/37 MP: 20/20
 14264 | D:9      | Noticed Grum
 14283 | D:9      | Killed Grum
 14284 | D:9      | Reached skill level 5 in Stealth
 14336 | D:9      | Reached skill level 5 in Dodging
 14346 | D:9      | Reached skill level 8 in Summonings
 14432 | D:9      | Noticed Gastronok
 14502 | D:9      | Killed Gastronok
 14705 | D:9      | HP: 1/39 [Joseph/sling bullet (19)]
 15043 | D:9      | Killed Joseph
 15586 | D:10     | Entered Level 10 of the Dungeon
 15586 | D:10     | Found a transporter.
 15586 | D:10     | Noticed Dogology's ghost (journeyman FoFi)
 15595 | D:10     | Noticed a gargoyle
 15788 | D:9      | Slain by a wolf
 15789 | D:9      | Reached XP level 8. HP: -1/36 MP: 12/30
 15961 | D:10     | Reached XP level 9. HP: 39/39 MP: 22/22
 16024 | D:10     | Noticed a death knight
 16043 | D:10     | Noticed a two-headed ogre
 16074 | D:10     | Killed a two-headed ogre
 16075 | D:10     | Reached skill level 9 in Summonings
 16092 | D:10     | Killed a gargoyle
 16321 | D:10     | Found a staircase to the Lair.
 16440 | D:10     | Found a blossoming altar of Fedhas.
 16477 | D:10     | Found a transporter.
 16478 | D:10     | Noticed a komodo dragon
 16492 | D:10     | Killed a komodo dragon
 16718 | D:11     | Noticed a two-headed ogre
 16954 | D:10     | Killed a two-headed ogre
 17202 | Temple   | Entered the Ecumenical Temple
 17271 | Temple   | Became a worshipper of Hepliaklqana the Forgotten
 17384 | Orc:1    | Entered Level 1 of the Orcish Mines
 17438 | Orc:1    | HP: 1/36 [orc warrior/+0 short sword (20)]
 17440 | Orc:1    | Noticed an orc high priest
 17461 | D:9      | Mangled by a warg

Illustrated notes

Levels and vault maps discovered:
D:1:      lemuel_arrival_lava_pool, layout_basic
D:2:      minmay_diamond_boxcup, layout_loops_ring,
          chequers_ecumenical_altar_simple, minmay_hexomino_f4
D:3:      layout_basic, gammafunk_temple_overflow_forgotten
D:4:      layout_basic, old_standard_altar, ashenzari_conservatory_becter
D:5:      layout_basic, grunt_ministairs_14
D:6:      layout_loops_ring, bloody_trog, makhleb_blood_cavern_becter,
          general_overflow_altar, minmay_temple_entry_proselytizer,
          serial_shops, shop, shop, nicolae_shop_statue_plus,
          nicolae_shop_crystal, nicolae_shop_statue_plus
D:7:      layout_basic
D:8:      layout_rooms, basic_altar
D:9:      layout_roguey, david_orc_3, uniq_grum, uniq_gastronok, uniq_joseph
D:10:     layout_rooms, due_lair_maze_entry_diamond, gammafunk_ghost_mausoleum,
          fedhas_altar_1
D:11:     layout_rooms, nrook_guardian_serpent_double
Temple:   nicolae_temple_great_sept
Orc:1:    layout_diamond_mine, serial_shops, shop, uniq_harold

Skill      XL: |  1  2  3  4  5  6  7  8  9 |
---------------+----------------------------+-----
Dodging        | 3 4 6 |  6.6
Stealth        | 3 4 5 |  5.0
Spellcasting   | 3 4 5 6 7 8 |  8.9
Summonings     | 5 6 7 9 |  9.2
Unarmed Combat | 1 4 |  4.5
Hexes          | 1 2 |  2.7
Fighting       | 4 3 |  4.8

Action                   |  1- 3 |  4- 6 |  7- 9 || total
-------------------------+-------+-------+-------++-------
Melee: Unarmed           |    25 |    41 |    66 ||   132
       Bite              |     1 |     7 |     7 ||    15
       Punch             |       |       |     1 ||     1
 Cast: Summon Small Mamm |    59 |    46 |    28 ||   133
       Call Imp          |    32 |    92 |   141 ||   265
       Call Canine Famil |     5 |    42 |    65 ||   112
       Summon Guardian G |       |       |    48 ||    48
       Corona            |       |       |     1 ||     1
  Use: Scroll            |       |     3 |    11 ||    14
       Potion            |       |     3 |     6 ||     9
 Stab: Sleeping          |    12 |     9 |     8 ||    29
       Distracted        |       |     3 |     2 ||     5
Armor: Skin              |     1 |    11 |     8 ||    20
Dodge: Dodged            |    33 |    66 |   182 ||   281
